 Dungeon Sprint DCSS version 0.27.1-1-g398f81649c (webtiles) character file.

Game seed: 12434095727747292908

126 ugugthedestroyer the Skirmisher (level 4, 0/43 HPs)
             Began as a Demonspawn Abyssal Knight on Sept 6, 2021.
             Was an Elder of Lugonu.
             Slain by an unseen horror (7 damage)
             ... in the Dungeon (Sprint IX: "|||||||||||||||||||||||||||||").
             The game lasted 00:00:52 (100 turns).

ugugthedestroyer the Skirmisher (DsAK)               Turns: 100, Time: 00:00:52

Health: 0/43       AC:  3    Str: 14    XL:     4   Next: 83%
Magic:  8/8        EV: 12    Int: 13    God:    Lugonu [****..]
Gold:   0          SH:  0    Dex: 14    Spells: 3/3 levels left

rFire    . . .     SeeInvis .   a - +1 falchion
rCold    . . .     Faith    .   (no shield)
rNeg     . . .     Spirit   .   b - +0 leather armour
rPois    .         Reflect  .   (no helmet)
rElec    .         Harm     .   (no cloak)
rCorr    .         Rampage  .   (no gloves)
Will     .....     NoTele   +   (no boots)
Stlth    ++........             (no amulet)
HPRegen  0.14/turn              (no ring)
MPRegen  0.11/turn              (no ring)

@: on berserk cooldown
A: talons 2, thin skeletal structure 1
a: Renounce Religion, Bend Space, Banish, Corrupt


You were in the Dungeon.
You worshipped Lugonu.
Lugonu was greatly pleased with you.
You visited 1 branch

Inventory:

Hand Weapons
 a - a +1 falchion (weapon)
Armour
 b - a +0 leather armour (worn)
Jewellery
 j - a +3 ring of strength
 k - a +3 ring of dexterity
Wands
 i - a wand of iceblast (10)
Scrolls
 g - 2 scrolls of amnesia
 h - 2 scrolls of blinking
Potions
 c - 5 potions of curing
 d - a potion of invisibility
 e - 2 potions of heal wounds
 f - 4 potions of magic


   Skills:
 + Level 7.1 Fighting
 + Level 4.1 Long Blades
 + Level 3.7 Armour
 + Level 1.9 Dodging
 * Level 5.7 Invocations


You had 3 spell levels left.
You didn't know any spells.
Your spell library was empty.

Dungeon Overview and Level Annotations

Branches:
Dungeon (1/1)

Altars:
Cheibriados
Dithmenos
Elyvilon
Fedhas
Gozag
Hepliaklqana
Kikubaaqudgha
Makhleb
Nemelex Xobeh
Okawaru
Qazlal
Ru
Sif Muna
Trog
Uskayaw
Vehumet
Wu Jian
Xom
Yredelemnul
Zin
The Shining One
Beogh
Jiyva
Lugonu


Innate Abilities, Weirdness & Mutations

You have razor-sharp toenails.
You have a somewhat thin skeletal structure. (Dex +2, Stealth+)


Message History

There is a radiant altar of Vehumet here.
There is an ornate altar of the Wu Jian Council here.
There is a shimmering altar of Xom here.
There is a basalt altar of Yredelemnul here.
There is a glowing silver altar of Zin here.
There is a glowing golden altar of the Shining One here.
You open the door.
Found five items.
Found a +2 ring mail.
There is an open door here.
Found a +3 ring of strength.
f - 4 potions of magic (gained 2);
d - a potion of invisibility
e - 2 potions of heal wounds;
c - 5 potions of curing (gained 4)
Found a +3 ring of dexterity.
You feel yourself speed up.
g - 2 scrolls of amnesia;
h - 2 scrolls of blinking (gained 1)
i - a wand of iceblast (10)
Items here: )))))).
You see here a +0 barding.
You see here a +0 helmet.
You see here a +2 ring mail.
j - a +3 ring of strength
k - a +3 ring of dexterity You open the door.
A yak, a kobold brigand, a centaur, a shadow and a zombie come into view.
The kobold brigand is wielding a +0 club and quivering curare-tipped darts.
Something hits you.
Deactivating autopickup; reactivate with Ctrl-A.
The centaur shouts!
The kobold brigand shouts!
Something hits you.
There is an open door to the Dungeon, spattered with blood here.
You barely miss something. You claw something. Something hits you.
* * * LOW HITPOINT WARNING * * *
Something hits you.
* * * LOW HITPOINT WARNING * * *
Something hits you but does no damage.
Something is blocking the doorway!
Something hits you.
* * * LOW HITPOINT WARNING * * *
Something hits you!
You die...

▓.▓
▓.▓
▓)▓
▓.▓
▓[▓
▓[▓
▓[▓
▓.▓
▓@▓
▓'▓
▓Y▓
▓W▓
▓.▓
▓c▓
▓K▓
▓Z▓
▓+▓


You could see a yak, a kobold brigand, a shadow, a centaur and a ball python
zombie.

Vanquished Creatures
  A phantom (D)
  A hound (D)
  An adder (D)
  A shadow imp (D)
  A ball python (D)
  A bat (D)
  A jackal (D)
  A giant cockroach zombie (D)
  A kobold (D)
  A rat (D)
10 creatures vanquished.

Notes
Turn   | Place    | Note
-------+----------+-------------------------------------------
     0 | D        | ugugthedestroyer the Demonspawn Abyssal Knight began the
                  | quest for the Orb.
     0 | D        | Reached XP level 1. HP: 18/18 MP: 2/2
     4 | D        | Banished a spatial maelstrom
     7 | D        | Reached ** piety under Lugonu
    16 | D        | Reached skill level 4 in Fighting
    17 | D        | Reached skill level 1 in Dodging
    21 | D        | Noticed a hound
    21 | D        | Noticed a phantom
    26 | D        | Reached *** piety under Lugonu
    27 | D        | Gained mutation: You have sharp toenails. [demonic
                  | ancestry]
    27 | D        | Reached XP level 2. HP: 18/26 MP: 2/4
    34 | D        | Reached skill level 5 in Fighting
    34 | D        | Gained mutation: You have a somewhat thin skeletal
                  | structure. (Dex +2, Stealth+) [demonic ancestry]
    34 | D        | Reached XP level 3. HP: 30/33 MP: 2/6
    42 | D        | Killed a phantom
    43 | D        | Reached skill level 7 in Fighting
    43 | D        | Reached skill level 5 in Invocations
    43 | D        | Gained mutation: You have razor-sharp toenails. [demonic
                  | ancestry]
    43 | D        | Reached XP level 4. HP: 25/43 MP: 3/8
    48 | D        | Reached **** piety under Lugonu
    54 | D        | Found a snail-covered altar of Cheibriados.
    54 | D        | Found a shadowy altar of Dithmenos.
    54 | D        | Found a blossoming altar of Fedhas.
    54 | D        | Found an opulent altar of Gozag.
    55 | D        | Found a hazy altar of Hepliaklqana.
    56 | D        | Found a viscous altar of Jiyva.
    57 | D        | Found an ancient bone altar of Kikubaaqudgha.
    58 | D        | Found a corrupted altar of Lugonu.
    59 | D        | Found a burning altar of Makhleb.
    60 | D        | Found a sparkling altar of Nemelex Xobeh.
    61 | D        | Found an iron altar of Okawaru.
    62 | D        | Found a stormy altar of Qazlal.
    63 | D        | Found a sacrificial altar of Ru.
    64 | D        | Found a shimmering blue altar of Sif Muna.
    65 | D        | Found a bloodstained altar of Trog.
    66 | D        | Found a hide-covered altar of Uskayaw.
    67 | D        | Found a radiant altar of Vehumet.
    68 | D        | Found an ornate altar of the Wu Jian Council.
    69 | D        | Found a shimmering altar of Xom.
    70 | D        | Found a basalt altar of Yredelemnul.
    96 | D        | Noticed a yak
    96 | D        | Noticed a shadow
    96 | D        | Noticed a centaur
    96 | D        | Noticed a kobold brigand
   100 | D        | Slain by an unseen horror

Illustrated notes

Levels and vault maps discovered:
D:        linesprint [early_d, line_temple, items_1, d_10, items_2, lair_1,
          lair_end, items_3, orc_1, orc_end, items_4, d_15, swamp_1, shoals_1,
          snake_1, spider_1, d_20, vaults_1, items_5, swamp_end, shoals_end,
          snake_end, spider_end, vaults_end, d_27, items_6, zot_1, zot_end,
          crypt_end, forest_end, elf_end, slime_end, tomb_end, abyss_end,
          pan_hell_end]

Skill      XL: |  1  2  3 |
---------------+----------+-----
Fighting       | 4 5 7 |  7.1
Long Blades    | 2 3 4 |  4.1
Armour         | 2 3 |  3.7
Dodging        | 1 |  1.9
Invocations    | 3 4 5 |  5.7

Action                   |  1- 3 |  4- 6 || total
-------------------------+-------+-------++-------
Melee: Falchion          |    28 |     7 ||    35
       Kick              |     3 |     3 ||     6
  Use: Potion            |     3 |       ||     3
Armor: Leather armour    |     7 |     2 ||     9
Dodge: Dodged            |    23 |     2 ||    25
       Rpst.: Falchion   |     7 |       ||     7
